 Dungeon Crawl Stone Soup version 0.24.0-10-g970556be89 (webtiles) character file.

Game seed: 11996916005005636724, levelgen mode: deterministic

16697 Monsterracer the Cleaver (level 12, -8/112 HPs)
             Began as a Deep Dwarf Fighter on Nov 3, 2019.
             Was a High Priest of Makhleb.
             Killed from afar by a frost giant (42 damage)
             ... with a bolt of cold
             ... in an ice cave.
             The game lasted 00:07:31 (7823 turns).

Monsterracer the Cleaver (Deep Dwarf Fighter)       Turns: 7823, Time: 00:07:32

Health: -8/112     AC: 22    Str: 29    XL:     12   Next: 12%
Magic:  4/4        EV:  7    Int: 12    God:    Makhleb [*****.]
Gold:   230        SH: 13    Dex: 16    Spells: 11/11 levels left

rFire    . . .     SeeInvis +   a - +0 war axe
rCold    . . .     Gourm    .   o - +0 shield
rNeg     . . .     Faith    .   l - +0 plate armour
rPois    .         Spirit   .   g - +0 helmet "Nutigiduz" {Int+2 Dex+4} (curse)
rElec    .         Reflect  .   J - +2 cloak
rCorr    .         Harm     .   I - +1 pair of gloves
MR       +....                  (no boots)
Stlth    ..........             s - amulet of rage
HPRegen  0.00/turn              S - ring of see invisible
MPRegen  0.09/turn              (no ring)

@: mighty, non-regenerating
A: damage resistance, heal wounds, sense surroundings 2, no regeneration
a: Heal Wounds, Minor Destruction, Lesser Servant of Makhleb, Major Destruction,
Greater Servant of Makhleb, Renounce Religion, Evoke Berserk Rage


You were in an ice cave.
You worshipped Makhleb.
Makhleb was extremely pleased with you.
You were not hungry.

You visited 3 branches of the dungeon, and saw 12 of its levels.
You also visited: Ice Cave.

You collected 524 gold pieces.
You spent 294 gold pieces at shops.

Inventory:

Hand Weapons
 a - a +0 war axe (weapon)
 A - a +0 battleaxe
   (You found it on level 1 of the Lair of Beasts)
 C - a +0 morningstar
   (You took it off a gargoyle on level 9 of the Dungeon)
Missiles
 i - a throwing net (quivered) {!f}
Armour
 g - the cursed +0 helmet "Nutigiduz" (worn) {Int+2 Dex+4}
   (You bought it in a shop on level 8 of the Dungeon)

   It affects your intelligence (+2).
   It affects your dexterity (+4).
   It has a curse placed upon it.
 l - a +0 plate armour (worn)
   (You took it off an orc warrior on level 10 of the Dungeon)
 o - a +0 shield (worn)
 D - the +0 ring mail "Cuskis" {rF+ rCorr Str+3, unknown}
   (You found it on level 1 of the Lair of Beasts)

   It affects your strength (+3).
   It protects you from fire.
   It provides partial protection from all sources of acid and corrosion.
 I - a +1 pair of gloves (worn)
   (You found it on level 10 of the Dungeon)
 J - a +2 cloak (worn)
   (You found it on level 10 of the Dungeon)
Jewellery
 p - an uncursed ring of ice
   (You found it on level 2 of the Dungeon)
 s - an amulet of rage (around neck)
   (You found it on level 2 of the Dungeon)
 S - a ring of see invisible (left hand)
   (You found it on level 2 of the Dungeon)
Wands
 m - a wand of iceblast (8)
   (You found it on level 6 of the Dungeon)
 n - a wand of acid (21)
   (You found it on level 5 of the Dungeon)
 w - a wand of flame (30)
   (You took it off a kobold on level 7 of the Dungeon)
 x - a wand of clouds (6)
   (You found it on level 5 of the Dungeon)
 y - a wand of enslavement (6)
   (You found it on level 6 of the Dungeon)
 H - a wand of paralysis (10)
   (You found it on level 10 of the Dungeon)
Scrolls
 b - 2 scrolls of fear {!r}
 r - a scroll of remove curse
 t - 5 scrolls of teleportation {!r}
 X - a scroll of blinking
Potions
 d - 3 potions of heal wounds
 e - 7 potions of curing
 f - a potion of berserk rage {unknown}
 h - 4 potions of haste
 k - 7 potions of flight
 q - 2 potions of lignification
 u - 4 potions of mutation {!q}
 v - a potion of agility {unknown}
 z - 2 potions of invisibility
 B - 2 potions of ambrosia {unknown}
 F - 3 potions of resistance {unknown}
Miscellaneous
 E - a sack of spiders
Comestibles
 c - 17 rations


   Skills:
 + Level 8.5 Fighting
 * Level 13.3 Axes
 + Level 10.2 Armour
 + Level 10.2 Shields
 - Level 5.0 Evocations


You had 11 spell levels left.
You didn't know any spells.
Your spell library contained the following spells:

 Spells                   Type           Power        Failure   Level  Hunger
 Animate Skeleton         Necr           N/A          99%         1    ##.....
 Pain                     Necr           #...         99%         1    ##.....
 Vampiric Draining        Necr           #.........   100%        3    ####...
 Animate Dead             Necr           N/A          100%        4    #####..
 Regeneration             Chrm/Necr      Unusable     N/A         3    N/A

Dungeon Overview and Level Annotations

Branches:
Dungeon (10/15)            Temple (0/1) D:4            Lair (1/6) D:8
    Orc (1/2) D:10          IceCv (1/1)

Altars:
Cheibriados
Dithmenos
Fedhas
Makhleb
Qazlal
Trog
Vehumet

Shops:
D:5 %   D:8 ([

Annotations:
D:5 1 runed translucent door, Furryfag69's ghost, novice MiBe IceCv exclusion: ice statue


Innate Abilities, Weirdness & Mutations

You are resistant to damage.
You can heal yourself by infusing magical energy.
You passively map the area around you.
You do not regenerate.


Message History

You hit the yak.
The yak is lightly wounded.
A yak comes into view.
The yak gores you but does no damage.
Your shield and plate armour prevent you from hitting the yak.
The yak is lightly wounded.
The yak bellows!
You hit the polar bear but do no damage.
The yak completely misses you. The polar bear closely misses you.
The polar bear completely misses you. You block the polar bear's attack.
You slash the yak!
The yak is moderately wounded.
You barely miss the polar bear. You block the yak's attack.
You slash the yak!
The yak is severely wounded.
You hit the polar bear but do no damage.
The polar bear bites you.
The polar bear claws you but does no damage.
You block the polar bear's attack. You block the yak's attack.
Unknown command.
Unknown command.
You feel very mighty all of a sudden. You block the polar bear's attack. x2
The polar bear claws you but does no damage.
The frost giant casts a spell at you.
The bolt of cold hits the polar bear!!
The polar bear resists.
The bolt of cold misses you. The yak gores you.
You slash the yak!
You kill the yak!
Makhleb accepts your kill.
You feel better.
You hit the polar bear but do no damage.
The polar bear bites you. The polar bear barely misses you.
You block the polar bear's attack. The wolf bites you.
Unknown command.
You hit the polar bear.
The polar bear is heavily wounded.
You barely miss the wolf. You block the polar bear's attack. x2
The polar bear claws you but does no damage.
The wolf bites you!
Your shield and plate armour prevent you from hitting the wolf.
You slash the polar bear! The wolf barely misses you.
The wolf stops to sniff the ground.
You slash the frost giant!
The frost giant is lightly wounded.
You hit the wolf but do no damage. You block the wolf's attack.
The wolf barely misses you.
You closely miss the wolf.
You hit the frost giant but do no damage.
You block the wolf's attack.
The frost giant hits you with a +1 battleaxe of freezing!!
The frost giant freezes you!
You slash the frost giant!
The frost giant is moderately wounded.
You hit the wolf. You block the wolf's attack.
Your shield and plate armour prevent you from hitting the frost giant.
The frost giant is moderately wounded.
You miss the wolf. The wolf closely misses you.
You block the frost giant's attack. The wolf bites you but does no damage.
Your plate armour prevents you from hitting the frost giant.
The frost giant is moderately wounded.
You slash the wolf! You block the wolf's attack.
The polar bear goes berserk!
The frost giant closely misses you.
You hit the frost giant but do no damage.
The frost giant is moderately wounded.
You slash the wolf!
You kill the wolf!
Makhleb accepts your kill.
You feel better.
The polar bear rages.
The wolf bites you but does no damage.
Your shield and plate armour prevent you from hitting the frost giant.
The frost giant is moderately wounded.
You hit the wolf. The frost giant casts a spell at you.
The bolt of cold hits you!! You block the wolf's attack.
You slash the frost giant!
The frost giant is moderately wounded.
You closely miss the wolf. You block the wolf's attack.
The frost giant barely misses you. The wolf bites you but does no damage.
You slice the frost giant!!
The frost giant is heavily wounded.
Your plate armour prevents you from hitting the wolf.
You block the wolf's attack.
The frost giant gestures at you while chanting.
The bolt of cold hits you!
* * * LOW HITPOINT WARNING * * *
You slice the frost giant!!
The frost giant is severely wounded.
You slash the wolf! The wolf bites you but does no damage.
The wolf barely misses you.
You hit the frost giant but do no damage.
The frost giant is severely wounded.
You slash the wolf!
You kill the wolf!
Makhleb accepts your kill.
You feel better.
The frost giant gestures at you while chanting.
The bolt of cold hits you!!!
You die...

* #..## * #..#
* #.## ≈ #..##
* ##..# * ≈
*** #..# ###
##.## #.## ≈≈
, #..# .#.#≈ ,
##@# #..≈≈≈#
,,, #†C#
##≈≈≈≈#,
,.hh## #≈≈#.#
,,...YY
≈≈≈##..
......#
≈≈≈#,.........
#≈≈# .###....
#≈≈#, *# ##...
≈ *,, * *


You could see a frost giant, a polar bear (berserk), 2 yaks and a wolf.

Vanquished Creatures
  Harold (D:7)
  Erica (D:8)
  3 two-headed ogres (D:8)
  Joseph (D:8)
  A spiny frog (Lair:1)
  Psyche (D:8)
  A gargoyle (D:9)
  A kobold demonologist (D:8)
  A troll (D:9)
  12 polar bears (IceCv)
  Sigmund (D:4)
  A wyvern (D:9)
  13 yaks (D:9 D:10 IceCv)
  Menkaure (D:5)
  4 water moccasins (D:6 D:8 Lair:1)
  Duvessa (D:5)
  5 porcupines (D:8 Lair:1)
  2 eyes of draining (D:9)
  4 ice beasts (D:7 D:9)
  3 orc warriors (D:8 D:9 D:10)
  2 phantoms (D:5 D:10)
  A black bear (D:9)
  4 ogres (D:5 D:9 D:10)
  4 sky beasts (D:6 D:7)
  10 wolves (IceCv)
  8 centaurs (D:5 D:6 D:9 D:10)
  A crocodile (D:8)
  9 big kobolds (D:7 D:8)
  8 bullfrogs (D:6 D:8 D:10 Lair:1)
  Dowan (D:5)
  3 scorpions (D:4 D:7 D:10)
  4 killer bees (D:7)
  A howler monkey (D:6)
  5 crimson imps (D:5 D:6 D:7 D:10)
  A quasit (D:8)
  A bullfrog zombie (D:9)
  A centaur zombie (D:6)
  4 hounds (D:5 D:6 D:7 D:9)
  4 jellies (D:5 D:9 D:8 D:10)
  7 centaur skeletons (D:5 D:4 D:6 D:7 D:8)
  2 orc priests (D:4 D:10)
  2 bullfrog skeletons (D:4 D:9)
  2 orc wizards (D:8 D:9)
  Jessica (D:3)
  3 iguanas (D:4 D:10)
  6 worker ants (D:5 D:6 D:8)
  Robin (D:2)
  A howler monkey zombie (D:6)
  15 adders (D:2 D:4 D:5 D:6 D:7)
  2 oozes (D:3)
  2 adder skeletons (D:5 D:6)
  A worm (D:5)
  2 dart slugs (D:3 D:5)
  A leopard gecko (D:5)
  19 orcs (D:3 D:4 D:8 D:9 D:10)
  2 giant cockroaches (D:6 D:8)
  15 goblins (D:1 D:2)
  13 hobgoblins (D:1 D:2 D:3)
  16 jackals (D:1 D:2 D:3 D:9)
  8 quokkas (D:2 D:3 D:4 D:8 D:9)
  A ball python (D:4)
  8 bats (D:1 D:2)
  13 frilled lizards (D:1 D:2 D:3 D:4)
  22 kobolds (D:1 D:2 D:7 D:8)
  A quokka skeleton (D:4)
  7 rats (D:1 D:2 D:3 D:5)
  2 fungi (D:8)
305 creatures vanquished.

Vanquished Creatures (others)
  Terence (D:3)
  An adder (D:7)
  A bat (D:3)
  2 fungi (D:8 Lair:1)
  A plant (Lair:1)
6 creatures vanquished.

Grand Total: 311 creatures vanquished

Notes
Turn   | Place    | Note
-------+----------+-------------------------------------------
     0 | D:1      | Monsterracer the Deep Dwarf Fighter began the quest for the
                  | Orb.
     0 | D:1      | Reached XP level 1. HP: 20/20 MP: 1/1
   306 | D:1      | Reached XP level 2. HP: 22/27 MP: 2/2
   894 | D:2      | Reached skill level 3 in Axes
   895 | D:2      | Reached XP level 3. HP: 30/33 MP: 3/3
  1193 | D:2      | HP: 17/34 [quokka (1)]
  1241 | D:2      | Reached XP level 4. HP: 32/42 MP: 4/4
  1283 | D:2      | Noticed Robin
  1289 | D:2      | Killed Robin
  1549 | D:2      | Found a burning altar of Makhleb.
  1551 | D:2      | Noticed a blizzard demon
  1653 | D:2      | Reached skill level 4 in Axes
  1714 | D:2      | Noticed a ynoxinul
  1714 | D:2      | Noticed a smoke demon
  1716 | D:2      | Became a worshipper of Makhleb the Destroyer
  1855 | D:2      | Reached XP level 5. HP: 30/49 MP: 5/5
  1964 | D:3      | Found a blossoming altar of Fedhas.
  1984 | D:3      | Killed Terence
  2086 | D:3      | Noticed Jessica
  2089 | D:3      | Killed Jessica
  2252 | D:3      | Found a radiant altar of Vehumet.
  2299 | D:3      | Reached * piety under Makhleb
  2631 | D:4      | Found a staircase to the Ecumenical Temple.
  2653 | D:4      | Found a snail-covered altar of Cheibriados.
  2659 | D:4      | Reached skill level 1 in Evocations
  2682 | D:4      | Reached XP level 6. HP: 54/56 MP: 6/6
  2693 | D:4      | Noticed Sigmund
  2716 | D:4      | Killed Sigmund
  2716 | D:4      | Reached skill level 5 in Axes
  2841 | D:4      | You fall into a shaft and drop 1 floor!
  2841 | D:5      | Entered Level 5 of the Dungeon
  2841 | D:5      | Noticed Duvessa
  2841 | D:5      | Noticed Dowan
  2843 | D:5      | Noticed Menkaure
  2853 | D:5      | HP: 23/57 [Menkaure (7)]
  2858 | D:5      | HP: 24/57 [Duvessa/+0 short sword (5)]
  2859 | D:5      | Killed Menkaure
  2859 | D:5      | Reached XP level 7. HP: 20/63 MP: 8/8
  2864 | D:5      | HP: 31/63 [Duvessa/+0 short sword (1)]
  2873 | D:5      | HP: 29/63 [worker ant (2)]
  2882 | D:5      | Killed Duvessa
  2882 | D:5      | Reached skill level 5 in Armour
  2882 | D:5      | Reached skill level 5 in Shields
  2888 | D:5      | HP: 28/64 [Dowan/stone arrow (13)]
  2889 | D:5      | Killed Dowan
  2889 | D:5      | Reached skill level 6 in Axes
  3003 | D:5      | Reached XP level 8. HP: 68/73 MP: 10/10
  3332 | D:4      | Reached ** piety under Makhleb
  3504 | D:5      | HP: 30/73 [ogre/+0 giant spiked club (14)]
  3506 | D:5      | Reached skill level 7 in Axes
  3517 | D:5      | Noticed a moth of wrath
  3520 | D:5      | Found a bloodstained altar of Trog.
  3533 | D:5      | HP: 34/73 [worm (7)]
  3540 | D:5      | HP: 25/73 [worm (9)]
  3627 | D:5      | HP: 34/73 [acid (3)]
  3669 | D:5      | Found a runed translucent door.
  3674 | D:5      | Noticed Furryfag69's ghost (novice MiBe)
  3680 | D:5      | Found Tycwal's Food Shop.
  4004 | D:6      | HP: 36/73 [water moccasin (4)]
  4010 | D:6      | HP: 17/73 [water moccasin (6)]
  4059 | D:6      | Reached skill level 5 in Fighting
  4059 | D:6      | Reached skill level 5 in Evocations
  4394 | D:6      | Reached skill level 8 in Axes
  4399 | D:6      | Gained mutation: You passively map the area around you.
                  | [Deep Dwarf growth]
  4399 | D:6      | Reached XP level 9. HP: 66/81 MP: 10/10
  4787 | D:7      | HP: 40/81 [scorpion (1)]
  4802 | D:7      | Noticed Harold
  4820 | D:7      | Killed Harold
  4820 | D:7      | Reached skill level 9 in Axes
  4828 | D:7      | Reached *** piety under Makhleb
  5090 | D:7      | You fall into a shaft and drop 2 floors!
  5165 | D:8      | Reached XP level 10. HP: 76/91 MP: 10/10
  5168 | D:8      | Found Eremew's Antique Weapon Shop.
  5178 | D:8      | HP: 38/91 [porcupine's spines (8)]
  5183 | D:8      | HP: 39/91 [crocodile (6)]
  5186 | D:8      | Reached skill level 10 in Axes
  5186 | D:8      | HP: 17/91 [crocodile (13)]
  5192 | D:8      | HP: 25/91 [crocodile (4)]
  5195 | D:8      | Noticed Erica
  5228 | D:8      | HP: 31/91 [Erica/bolt of poison (21)]
  5230 | D:8      | HP: 6/91 [Erica/bolt of poison (25)]
  5237 | D:8      | HP: 32/91 [Erica/+2 scimitar of flaming (6)]
  5240 | D:8      | Killed Erica
  5243 | D:8      | HP: 46/92 [water moccasin (3)]
  5259 | D:8      | Found Baithrus's Antique Armour Shop.
  5264 | D:8      | Bought a scorched helmet for 294 gold pieces
  5292 | D:8      | Noticed a two-headed ogre
  5294 | D:8      | Noticed Psyche
  5294 | D:8      | Noticed Joseph
  5299 | D:8      | HP: 45/92 [two-headed ogre/+0 giant club (7)]
  5317 | D:8      | Killed a two-headed ogre
  5319 | D:8      | Killed Psyche
  5326 | D:8      | Killed Joseph
  5326 | D:8      | Reached skill level 11 in Axes
  5342 | D:8      | Found a staircase to the Lair.
  5384 | D:8      | Found a stormy altar of Qazlal.
  5405 | D:8      | Noticed a two-headed ogre
  5413 | D:8      | HP: 33/94 [two-headed ogre/+0 giant spiked club (15)]
  5420 | D:8      | Killed a two-headed ogre
  5463 | D:8      | Noticed a two-headed ogre
  5474 | D:8      | HP: 33/94 [two-headed ogre/+0 giant club (27)]
  5486 | D:8      | HP: 44/94 [two-headed ogre/+0 giant club (3)]
  5488 | D:8      | HP: 20/94 [two-headed ogre/+0 giant club (24)]
  5490 | D:8      | Killed a two-headed ogre
  5490 | D:8      | Reached XP level 11. HP: 68/100 MP: 8/8
  5585 | D:8      | Noticed a sun demon
  5586 | D:8      | Noticed a sun demon
  5602 | D:8      | HP: 41/100 [sun demon[a kobold demonologist] (11)]
  5607 | D:8      | HP: 38/100 [big kobold/+0 whip (4)]
  5610 | D:8      | Reached **** piety under Makhleb
  5686 | D:8      | Identified a scroll of acquirement
  5687 | D:8      | Found the +6 arbalest "Damnation" {damnation}
  5897 | D:9      | Found a shadowy altar of Dithmenos.
  6130 | D:9      | HP: 50/100 [ice beast (4)]
  6131 | D:9      | HP: 21/100 [gargoyle/stone arrow (29)]
  6132 | D:9      | HP: 6/100 [gargoyle/stone arrow (20)]
  6138 | D:9      | HP: 31/100 [gargoyle/+0 morningstar (1)]
  6140 | D:9      | HP: 11/100 [gargoyle/stone arrow (20)]
  6149 | D:9      | Reached skill level 12 in Axes
  6397 | D:9      | HP: 48/100 [troll (6)]
  6402 | D:9      | HP: 39/102 [ice beast (13)]
  6652 | D:10     | Entered Level 10 of the Dungeon
  6655 | D:10     | Found a staircase to the Orcish Mines.
  6669 | D:10     | HP: 41/102 [ogre/+0 giant spiked club (18)]
  6689 | D:10     | HP: 41/102 [orc warrior/+0 dire flail (13)]
  6947 | D:10     | Reached ***** piety under Makhleb
  7013 | D:10     | Identified the cursed +0 helmet "Nutigiduz" {Int+2 Dex+4}
                  | (You bought it in a shop on level 8 of the Dungeon)
  7068 | Orc:1    | Entered Level 1 of the Orcish Mines
  7068 | Orc:1    | Noticed an orc sorcerer
  7104 | Lair:1   | Entered Level 1 of the Lair of Beasts
  7333 | Lair:1   | Got a dazzling ring mail
  7422 | Lair:1   | Found a frozen archway.
  7431 | IceCv    | Entered an ice cave
  7477 | IceCv    | HP: 51/103 [wolf (5)]
  7519 | IceCv    | HP: 50/103 [polar bear (8)]
  7635 | IceCv    | HP: 49/103 [something] (14)]
  7645 | IceCv    | HP: 42/103 [polar bear (4)]
  7647 | IceCv    | Reached skill level 13 in Axes
  7665 | IceCv    | HP: 35/103 [ice statue/shard of ice (18)]
  7670 | IceCv    | HP: 43/103 [ice statue/bolt of cold (2)]
  7672 | IceCv    | HP: 18/103 [ice statue/bolt of cold (25)]
  7675 | IceCv    | HP: 5/103 [ice beast[an ice statue] (7)]
  7691 | IceCv    | Reached skill level 10 in Shields
  7697 | IceCv    | HP: 49/103 [yak (3)]
  7699 | IceCv    | Reached skill level 10 in Armour
  7702 | IceCv    | HP: 32/104 [polar bear (4)]
  7707 | IceCv    | HP: 14/104 [polar bear (4)]
  7718 | IceCv    | Reached XP level 12. HP: 32/112 MP: 6/6
  7803 | IceCv    | Noticed a frost giant
  7819 | IceCv    | HP: 39/112 [frost giant/bolt of cold (32)]
  7823 | IceCv    | Killed from afar by a frost giant

Levels and vault maps discovered:
D:1:      mrwooster_arrival_statue_3, layout_loops_corners,
          minmay_misc_feat_nine_boxes, minmay_misc_feat_encased,
          minmay_pentomino_w4
D:2:      layout_loops_corners, makhleb_altar_promises_db,
          minmay_split_cup_large, uniq_robin
D:3:      layout_loops_ring, marbit_many_paths, fiery_altar_vehumet,
          uniq_terence, uniq_jessica
D:4:      layout_loops_cross, cheibriados_altar_1, minmay_temple_entry_tees,
          uniq_sigmund
D:5:      layout_cave_pools, tgw_trog, first_ration,
          ebering_ghost_reflecting_pool, serial_shops, kennysheep_mini,
          uniq_menkaure, uniq_duvessa
D:6:      layout_cave_pods
D:7:      layout_loops_ring, grunt_livestock, lemuel_flame_loot_1, uniq_harold
D:8:      layout_rooms, lemuel_coloured_pillars_altar,
          grunt_lair_entry_orc_guard_hut, serial_shops, shop, shop, special_room
          [special_room_kobold], uniq_joseph, uniq_erica, uniq_psyche
D:9:      layout_loops_ring, nicolae_overflow_crystal_walls, kb_rosetta
D:10:     layout_cave_pools, orc_0_dummy
Lair:1:   layout_regular_city, portal_ice_cave_entry_pillars_2
Orc:1:    layout_caves, serial_shops, nicolae_shop_stone, basic_altar
IceCv:    ice_cave_small_giant

Skill      XL: |  1  2  3  4  5  6  7  8  9 10 11 |
---------------+----------------------------------+-----
Axes           | 3 4 5 6 8 9 11 13 | 13.3
Fighting       | 3 4 5 6 7 8 |  8.5
Armour         | 4 5 6 7 8 10 | 10.2
Shields        | 4 5 6 7 8 10 | 10.2
Evocations     | 1 2 3 5 |  5.0

Action                   |  1- 3 |  4- 6 |  7- 9 | 10-12 || total
-------------------------+-------+-------+-------+-------++-------
Melee: War axe           |   156 |   192 |   417 |   684 ||  1449
 Abil: Heal Wounds       |     2 |     3 |    13 |    31 ||    49
  Use: Scroll            |       |     8 |     7 |     5 ||    20
       Potion            |       |       |     2 |     2 ||     4
 Stab: Invisible         |       |       |       |     5 ||     5
  Eat: Chunk             |     1 |     6 |     8 |     7 ||    22
       Ration            |       |       |       |     1 ||     1
Armor: Scale mail        |    90 |    48 |       |       ||   138
       Chain mail        |       |    41 |   281 |   155 ||   477
       Skin              |       |       |     1 |       ||     1
       Plate armour      |       |       |       |   267 ||   267
Dodge: Dodged            |    55 |    50 |   120 |   202 ||   427
Block: Shield            |   116 |   118 |   273 |   507 ||  1014
